3L
THUNDER BAY NORTHERN LIONS BC @ HOUSTON 1837 BBC
06/18/2031
 
TOP OF THE 1ST
Thunder Bay Northern Lions BC batting - Pitching for Houston 1837 BBC : LHP Roy Alsobrook
Pitching: LHP Roy Alsobrook
Batting: RHB Joe Aller 0-0: Called Strike
0-1: Fly out, F9 (Line Drive, 9S)
Batting: RHB António Mendoza 0-0: Ball
1-0: Foul Ball, location: 2F
1-1: Ground out 4-3 (Groundball, 4)
Batting: LHB Luis Freitas 0-0: Ball
1-0: Ball
2-0: Foul Ball, location: 2F
2-1: Ball
3-1: Called Strike
3-2: SINGLE (Groundball, 4MD)
Batting: RHB Carlos Padilla 0-0: Ball
1-0: Called Strike
1-1: Ball
2-1: Swinging Strike
2-2: Strikes out swinging
Top of the 1st over - 0 runs, 1 hit, 0 errors, 1 left on base; Thunder Bay 0 - Houston 0
BOTTOM OF THE 1ST
Houston 1837 BBC batting - Pitching for Thunder Bay Northern Lions BC : RHP Santiago López
Pitching: RHP Santiago López
Batting: RHB Bernardo Herrera 0-0: Called Strike
0-1: Ball
1-1: Swinging Strike
1-2: Foul Ball, location: 2F
1-2: Ball
2-2: Ball
3-2: Strikes out swinging
Pitching: RHP Jamel Rhoads
Batting: RHB Phil Sherman 0-0: Ball
1-0: Ball
2-0: Ground out 5-3 (Groundball, 56S)
Batting: RHB Juan Chávez 0-0: Ball
1-0: Called Strike
1-1: Ball
2-1: SOLO HOME RUN (Flyball, 7D), Distance : 395 ft
Batting: RHB Bob Dickerson 0-0: Ball
1-0: Ball
2-0: Called Strike
2-1: Ball
3-1: Base on Balls
Batting: RHB Scott Robertson 0-0: SINGLE (Line Drive, 78S)
Bob Dickerson to second
Batting: SHB Nobuhisa Hatoyama 0-0: Ball
Passed Ball!
Bob Dickerson to third
Scott Robertson to second
1-0: Ball
2-0: Called Strike
2-1: Ball
3-1: Called Strike
3-2: Base on Balls
Batting: RHB Armond Merlin 0-0: Ground out 4-3 (Groundball, 4)
Bottom of the 1st over - 1 run, 2 hits, 0 errors, 3 left on base; Thunder Bay 0 - Houston 1
TOP OF THE 2ND
Thunder Bay Northern Lions BC batting - Pitching for Houston 1837 BBC : LHP Roy Alsobrook
Batting: LHB David Smith 0-0: Swinging Strike
0-1: Called Strike
0-2: Strikes out swinging
Batting: RHB Augusto Encarnación 0-0: Foul Ball, location: 2F
0-1: Ball
1-1: Ball
2-1: Foul Ball, location: 2F
2-2: Foul Ball, location: 2F
2-2: Ball
3-2: Base on Balls
Batting: RHB Denis Higgins 0-0: Ball
1-0: Called Strike
1-1: 2-RUN HOME RUN (Line Drive, 7D), Distance : 399 ft
Batting: RHB Bartolo Morales 0-0: Ground out 5-3 (Groundball, 5S)
Batting: RHB Edgar Balerio 0-0: Foul Ball, location: 2F
0-1: Called Strike
0-2: Ground out U3 (Groundball, 34S)
Top of the 2nd over - 2 runs, 1 hit, 0 errors, 0 left on base; Thunder Bay 2 - Houston 1
BOTTOM OF THE 2ND
Houston 1837 BBC batting - Pitching for Thunder Bay Northern Lions BC : RHP Jamel Rhoads
Batting: RHB Kenny Fleming 0-0: Ball
1-0: Ground out 6-3 (Groundball, 6)
Batting: LHB Fa-tang Wang 0-0: Called Strike
0-1: Called Strike
0-2: Ball
1-2: Foul Ball, location: 2F
1-2: Foul Ball, location: 2F
1-2: SINGLE (Line Drive, 78M)
Batting: RHB Bernardo Herrera 0-0: Ball
1-0: Called Strike
1-1: Ball
2-1: Fly out, F8 (Flyball, 8RXD)
Batting: RHB Phil Sherman 0-0: Called Strike
Fa-tang Wang steals 2nd base
0-1: Ball
1-1: Foul Ball, location: 2F
1-2: Ball
2-2: Foul Ball, location: 2F
2-2: Strikes out looking
Bottom of the 2nd over - 0 runs, 1 hit, 0 errors, 1 left on base; Thunder Bay 2 - Houston 1
TOP OF THE 3RD
Thunder Bay Northern Lions BC batting - Pitching for Houston 1837 BBC : LHP Roy Alsobrook
Batting: RHB Joe Aller 0-0: Ball
1-0: Ball
2-0: Ball
3-0: Called Strike
3-1: Base on Balls
Batting: RHB António Mendoza 0-0: Called Strike
0-1: Ball
1-1: Foul Ball, location: 2F
1-2: Ball
2-2: Foul Ball, location: 2F
2-2: Ball
3-2: Foul Ball, location: 2F
3-2: Fielders Choice at 2nd, 4-6 (Groundball, 4)
Batting: LHB Luis Freitas 0-0: Ball
1-0: Swinging Strike
1-1: Ball
2-1: Called Strike
2-2: Foul Ball, location: 2F
2-2: Strikes out swinging
Batting: RHB Carlos Padilla 0-0: Ball
1-0: Ball
2-0: Ball
3-0: Called Strike
3-1: DOUBLE (Line Drive, 7LM)
António Mendoza to third
Runner from 3rd tries for Home, SAFE, no throw
Batting: LHB David Smith 0-0: Ball
1-0: Ball
2-0: Called Strike
2-1: Called Strike
2-2: Ball
3-2: Foul Ball, location: 2F
3-2: Base on Balls
Batting: RHB Augusto Encarnación 0-0: Ball
1-0: Called Strike
1-1: Ball
2-1: Reached on error, E6 (Groundball, 6D)
Carlos Padilla to third
David Smith to second
Batting: RHB Denis Higgins 0-0: Ball
1-0: Ball
2-0: Called Strike
2-1: Fly out, F9 (Flyball, 9)
Top of the 3rd over - 1 run, 1 hit, 1 error, 3 left on base; Thunder Bay 3 - Houston 1
BOTTOM OF THE 3RD
Houston 1837 BBC batting - Pitching for Thunder Bay Northern Lions BC : RHP Jamel Rhoads
Batting: RHB Juan Chávez 0-0: Foul Ball, location: 2F
0-1: Ball
1-1: Ball
2-1: Swinging Strike
2-2: Ball
3-2: Strikes out swinging
Batting: RHB Bob Dickerson 0-0: Ball
1-0: Fly out, F9 (Flyball, 9S)
Batting: RHB Scott Robertson 0-0: Called Strike
0-1: Ball
1-1: Called Strike
1-2: Foul Ball, location: 2F
1-2: Ball
2-2: Strikes out swinging
Bottom of the 3rd over - 0 runs, 0 hits, 0 errors, 0 left on base; Thunder Bay 3 - Houston 1
TOP OF THE 4TH
Thunder Bay Northern Lions BC batting - Pitching for Houston 1837 BBC : LHP Roy Alsobrook
Batting: RHB Bartolo Morales 0-0: Called Strike
0-1: Ball
1-1: Foul Ball, location: 2F
1-2: SINGLE (Groundball, 6D)
Batting: RHB Edgar Balerio 0-0: Ball
1-0: Swinging Strike
1-1: Foul Ball, location: 2F
1-2: Ball
Bartolo Morales steals 2nd base
2-2: Foul Ball, location: 2F
2-2: Strikes out swinging
Batting: RHB Joe Aller 0-0: Called Strike
0-1: Ground out 6-3 (Groundball, 6MS)
Bartolo Morales to third
Batting: RHB António Mendoza 0-0: Ball
1-0: Ball
2-0: Ball
3-0: Called Strike
3-1: Base on Balls
Batting: LHB Luis Freitas 0-0: Foul Ball, location: 2F
0-1: Ball
1-1: Called Strike
1-2: Strikes out looking
Top of the 4th over - 0 runs, 1 hit, 0 errors, 2 left on base; Thunder Bay 3 - Houston 1
BOTTOM OF THE 4TH
Houston 1837 BBC batting - Pitching for Thunder Bay Northern Lions BC : RHP Jamel Rhoads
Batting: SHB Nobuhisa Hatoyama 0-0: Ball
1-0: Foul Ball, location: 2F
1-1: Ball
2-1: Swinging Strike
2-2: Ball
3-2: Foul Ball, location: 2F
3-2: Base on Balls
Batting: RHB Armond Merlin 0-0: Fly out, F8 (Line Drive, 8LD)
Batting: RHB Kenny Fleming 0-0: Swinging Strike
0-1: Ball
1-1: Called Strike
1-2: Foul Ball, location: 2F
1-2: Ground out 3-1 (Groundball, 34S)
Nobuhisa Hatoyama to second
Batting: LHB Fa-tang Wang 0-0: Ball
1-0: Called Strike
1-1: Ball
2-1: Ball
3-1: Foul Ball, location: 2F
3-2: Foul Ball, location: 2F
3-2: SINGLE (Groundball, 56D)
Nobuhisa Hatoyama to third
Nobuhisa Hatoyama scores
Pitching: LHP Cherles Gachineiro
Batting: RHB Bernardo Herrera 0-0: Ball
1-0: Ball
2-0: Ball
3-0: Called Strike
3-1: Base on Balls
Fa-tang Wang to second
Batting: RHB Phil Sherman 0-0: DOUBLE (Line Drive, 78D)
Fa-tang Wang scores
Bernardo Herrera to third
Runner from 3rd tries for Home, SAFE, no throw
Batting: RHB Juan Chávez 0-0: Foul Ball, location: 2F
0-1: Ball
1-1: 2-RUN HOME RUN (Line Drive, 7LD), Distance : 373 ft
Batting: RHB Bob Dickerson 0-0: Ball
1-0: Called Strike
1-1: Ball
2-1: Fly out, F9 (Flyball, 9LDF)
Bottom of the 4th over - 5 runs, 3 hits, 0 errors, 0 left on base; Thunder Bay 3 - Houston 6
TOP OF THE 5TH
Thunder Bay Northern Lions BC batting - Pitching for Houston 1837 BBC : LHP Roy Alsobrook
Pitching: RHP Gary Bailey
Batting: RHB Carlos Padilla 0-0: Ball
1-0: Ground out 4-3 (Groundball, 4)
Batting: LHB David Smith 0-0: Fly out, F9 (Flyball, 9S)
Pitching: RHP Ricardo Suárez
Batting: RHB Augusto Encarnación 0-0: Ball
1-0: Ball
2-0: Called Strike
2-1: Ball
3-1: Base on Balls
Batting: RHB Denis Higgins 0-0: Foul Ball, location: 2F
0-1: Swinging Strike
0-2: Strikes out looking
Top of the 5th over - 0 runs, 0 hits, 0 errors, 1 left on base; Thunder Bay 3 - Houston 6
BOTTOM OF THE 5TH
Houston 1837 BBC batting - Pitching for Thunder Bay Northern Lions BC : LHP Cherles Gachineiro
Batting: RHB Scott Robertson 0-0: Ball
1-0: Swinging Strike
1-1: Ball
2-1: Foul Ball, location: 2F
2-2: Strikes out swinging
Batting: SHB Nobuhisa Hatoyama 0-0: Ball
1-0: Foul Ball, location: 2F
1-1: Fly out, F7 (Flyball, 78S)
Batting: RHB Armond Merlin 0-0: Reached on error, E1 (Groundball, 15)
Batting: RHB Kenny Fleming 0-0: Foul Ball, location: 2F
0-1: Ball
1-1: Fly out, F3 (Popup, 3L)
Bottom of the 5th over - 0 runs, 0 hits, 1 error, 1 left on base; Thunder Bay 3 - Houston 6
TOP OF THE 6TH
Thunder Bay Northern Lions BC batting - Pitching for Houston 1837 BBC : RHP Ricardo Suárez
Batting: RHB Bartolo Morales 0-0: Called Strike
0-1: Foul Ball, location: 2F
0-2: Foul Ball, location: 2F
0-2: Ground out 6-3 (Groundball, 6)
Batting: RHB Edgar Balerio 0-0: Called Strike
0-1: Ball
1-1: Swinging Strike
1-2: Ball
2-2: Foul Ball, location: 2F
2-2: Reached on error, E6 (Groundball, 6M)
Batting: RHB Joe Aller 0-0: Ball
1-0: Ball
2-0: Ball
3-0: Base on Balls
Edgar Balerio to second
Batting: RHB António Mendoza 0-0: Ball
1-0: Grounds into double play, 3-6-4 (Groundball, 34)
Top of the 6th over - 0 runs, 0 hits, 1 error, 1 left on base; Thunder Bay 3 - Houston 6
BOTTOM OF THE 6TH
Houston 1837 BBC batting - Pitching for Thunder Bay Northern Lions BC : LHP Cherles Gachineiro
Pitching: RHP Mauro Guerra
Batting: LHB Fa-tang Wang 0-0: Ground out 4-3 (Groundball, 34)
Batting: RHB Bernardo Herrera 0-0: Called Strike
0-1: Ground out 6-3 (Groundball, 6)
Batting: RHB Phil Sherman 0-0: Ground out 5-3 (Groundball, 56)
Bottom of the 6th over - 0 runs, 0 hits, 0 errors, 0 left on base; Thunder Bay 3 - Houston 6
TOP OF THE 7TH
Thunder Bay Northern Lions BC batting - Pitching for Houston 1837 BBC : RHP Ricardo Suárez
Batting: LHB Luis Freitas 0-0: Foul Ball, location: 2F
0-1: Foul Ball, location: 2F
0-2: Ball
1-2: Ball
2-2: Strikes out looking
Batting: RHB Carlos Padilla 0-0: Foul Ball, location: 2F
0-1: Ball
1-1: Ground out 4-3 (Groundball, 4)
Batting: LHB David Smith 0-0: Called Strike
0-1: Called Strike
0-2: Foul Ball, location: 2F
0-2: Foul Ball, location: 2F
0-2: Ball
1-2: Strikes out swinging
Top of the 7th over - 0 runs, 0 hits, 0 errors, 0 left on base; Thunder Bay 3 - Houston 6
BOTTOM OF THE 7TH
Houston 1837 BBC batting - Pitching for Thunder Bay Northern Lions BC : RHP Mauro Guerra
Batting: RHB Juan Chávez 0-0: Foul Ball, location: 2F
0-1: Ball
1-1: Ball
2-1: Foul Ball, location: 2F
2-2: Ball
3-2: Fly out, F7 (Flyball, 7S)
Batting: RHB Bob Dickerson 0-0: Ball
1-0: Swinging Strike
1-1: Foul Ball, location: 2F
1-2: Foul Ball, location: 2F
1-2: Foul Ball, location: 2F
1-2: Strikes out swinging
Batting: RHB Scott Robertson 0-0: Foul Ball, location: 2F
0-1: Called Strike
0-2: SINGLE (Groundball, 6MS) (infield hit)
Batting: SHB Nobuhisa Hatoyama 0-0: 2-RUN HOME RUN (Line Drive, 9LD), Distance : 348 ft
Batting: RHB Armond Merlin 0-0: Ball
1-0: Ball
2-0: Ball
3-0: Called Strike
3-1: SINGLE (Groundball, 6) (infield hit)
Batting: RHB Kenny Fleming 0-0: Ball
1-0: Ball
2-0: SINGLE (Groundball, 4M) (infield hit)
Armond Merlin to second
Batting: LHB Fa-tang Wang 0-0: Called Strike
0-1: Swinging Strike
0-2: Ground out 5-3 (Groundball, 6S)
Bottom of the 7th over - 2 runs, 4 hits, 0 errors, 2 left on base; Thunder Bay 3 - Houston 8
TOP OF THE 8TH
Thunder Bay Northern Lions BC batting - Pitching for Houston 1837 BBC : RHP Ricardo Suárez
Batting: RHB Augusto Encarnación 0-0: Ball
1-0: Fly out, F6 (Line Drive, 6)
Batting: RHB Denis Higgins 0-0: Swinging Strike
0-1: Ground out 5-3 (Groundball, 56)
Batting: RHB Bartolo Morales 0-0: Ball
1-0: Ball
2-0: Called Strike
2-1: Ball
3-1: SOLO HOME RUN (Flyball, 7D), Distance : 390 ft
Batting: RHB Edgar Balerio 0-0: Ball
1-0: Foul Ball, location: 2F
1-1: Fly out, F9 (Flyball, 89S)
Top of the 8th over - 1 run, 1 hit, 0 errors, 0 left on base; Thunder Bay 4 - Houston 8
BOTTOM OF THE 8TH
Houston 1837 BBC batting - Pitching for Thunder Bay Northern Lions BC : RHP Mauro Guerra
Pitching: RHP Javier Matajudíos
Batting: RHB Bernardo Herrera 0-0: Swinging Strike
0-1: Ball
1-1: Called Strike
1-2: Strikes out swinging
Batting: RHB Phil Sherman 0-0: Ball
1-0: Ball
2-0: Ground out 6-3 (Groundball, 6)
Batting: RHB Juan Chávez 0-0: Ball
1-0: Called Strike
1-1: Ball
2-1: Ball
3-1: Base on Balls
Batting: RHB Bob Dickerson 0-0: Called Strike
0-1: Swinging Strike
0-2: Ball
1-2: Strikes out looking
Bottom of the 8th over - 0 runs, 0 hits, 0 errors, 1 left on base; Thunder Bay 4 - Houston 8
TOP OF THE 9TH
Thunder Bay Northern Lions BC batting - Pitching for Houston 1837 BBC : RHP Ricardo Suárez
Batting: RHB Joe Aller 0-0: Foul Ball, location: 2F
0-1: Foul Ball, location: 2F
0-2: Foul Ball, location: 2F
0-2: Strikes out swinging
Batting: RHB António Mendoza 0-0: Ball
1-0: Ball
2-0: Ball
3-0: Base on Balls
Batting: LHB Luis Freitas 0-0: Fly out, F8 (Flyball, 8RM)
Batting: RHB Carlos Padilla 0-0: Ball
1-0: Foul Ball, location: 2F
1-1: Ball
2-1: Called Strike
2-2: Ball
3-2: Strikes out swinging
Top of the 9th over - 0 runs, 0 hits, 0 errors, 1 left on base; Thunder Bay 4 - Houston 8
Tuesday, June 12th, 2018 - OOTP Baseball 18.8 Build 76